 Dungeon Crawl Stone Soup version 0.29.1-12-g30fa7ad0bf (webtiles) character file.

Game seed: 16427440427585864531

341880 FexLirch the Pyromancer (level 23, -11/188 HPs)
             Began as a Meteoran Earth Elementalist on Jan 3, 2023.
             Was the Champion of Cheibriados.
             Killed from afar by an ancient lich (76 damage)
             ... with a bolt of acid
             ... on level 4 of the Depths on Jan 4, 2023.
             The game lasted 03:40:40 (11115 turns).

FexLirch the Pyromancer (MeEE)                     Turns: 11115, Time: 03:40:41

Health: -11/188    AC: 15    Str: 24    XL:     23   Next: 62%
Magic:  5/49       EV: 20    Int: 50    God:    Cheibriados [******]
Gold:   90         SH: 19    Dex: 31    Spells: 0/64 levels left

rFire   + + .      SeeInvis +   q - +6 long sword of Ravage {flame, rElec rF++}
rCold   + . .      Faith    .   T - +4 kite shield {AC+3}
rNeg    . . .      Spirit   .   c - +0 swamp dragon scales
rPois   +          Reflect  .   A - +0 mask of the Dragon {Will+ Slay+3 SInv}
rElec   +          Harm     .   F - scarf {repulsion}
rCorr   .          Rampage  .   s - +2 pair of gloves
Will    +++..                   (no boots)
Stlth   +.........              y - amulet of magic regeneration
HPRegen 0.41/turn               B - ring of protection from cold
MPRegen 0.71/turn               w - +6 ring of intelligence

@: glowing, studying 2 skills, repel missiles, very slow
A: sense surroundings 3, otherworldly, glowing, explore regen
}: 3/15 runes: decaying, serpentine, silver
a: Renounce Religion, Bend Time, Temporal Distortion, Slouch, Step From Time


You were on level 4 of the Depths.
You worshipped Cheibriados.
Cheibriados was exalted by your worship.
You visited 8 branches of the dungeon, and saw 40 of its levels.
You also visited: Gauntlet.

You collected 2504 gold pieces.
You spent 2414 gold pieces at shops.

Inventory:

Hand Weapons
 a - the +1 broad axe of Ranuituley {venom, *Noise rPois rF+ rC+}
   (You found it on level 3 of the Vaults)

   It poisons the flesh of those it strikes.
   rF:        It protects you from fire.
   rC:        It protects you from cold.
   rPois:     It protects you from poison.
   *Noise:    It may make noises in combat.
 q - the +6 long sword of Ravage (weapon) {flame, rElec rF++}
   (You took it off a necromancer on level 5 of the Vaults)

   It burns those it strikes, dealing additional fire damage.
   Big, fiery blades are also staple armaments of hydra-hunters.
   rF:        It greatly protects you from fire.
   rElec:     It insulates you from electricity.
 E - the +4 dagger of Makhleb's Grace {drain, Int+7}
   (You found it on level 5 of the Vaults)

   A truly terrible weapon, it drains the life of any living foe it strikes.
   Int:       It affects your intelligence (+7).
 M - the +5 lajatang "Nemosh" {vorpal, rPois rN+++ Dex-3 Stlth-}
   (You took it off a deep elf high priest on level 5 of the Vaults)

   It inflicts extra damage upon your enemies.
   Dex:       It affects your dexterity (-3).
   rPois:     It protects you from poison.
   rN:        It renders you almost immune to negative energy.
   Stlth:     It makes you less stealthy.
 S - a +2 demon whip of draining
Armour
 c - +0 swamp dragon scales (worn)
 s - a +2 pair of gloves (worn)
 A - the +0 mask of the Dragon (worn) {Will+ Slay+3 SInv}
   (You found it on level 2 of the Vaults)

   Slay:      It affects your accuracy & damage with ranged weapons and melee
   (+3).
   SInv:      It lets you see invisible.
   Will:      It increases your willpower.
 F - a scarf of repulsion (worn)
 T - a +4 kite shield of protection (worn)
Magical Staves
 d - a staff of cold
 l - a staff of death
 z - a staff of fire
 V - a staff of conjuration
Jewellery
 f - a +4 ring of evasion
 i - a ring of fire
 o - a ring of resist corrosion
 w - a +6 ring of intelligence (right hand)
 y - an amulet of magic regeneration (around neck)
 B - a ring of protection from cold (left hand)
 C - a ring of fire
 I - the amulet of the Swan {Acrobat rF+ Str+2 Int+3}
   (You took it off a vault sentinel on level 5 of the Vaults)

   [amulet of the acrobat]

   It increases your evasion while moving and waiting.
   Str:       It affects your strength (+2).
   Int:       It affects your intelligence (+3).
   rF:        It protects you from fire.
 J - the ring "Rerofey" {Fly Str+6 Dex-4 Stlth+}
   (You found it on level 8 of the Dungeon)

   [ring of strength]

   Str:       It affects your strength (+6).
   Dex:       It affects your dexterity (-4).
   Fly:       It grants you flight.
   Stlth:     It makes you more stealthy.
 O - the ring of Loedialig {rF- rN+++ Will+ rCorr Str-5}
   (You found it on level 5 of the Vaults)

   [ring of willpower]

   Str:       It affects your strength (-5).
   rF:        It makes you vulnerable to fire.
   rN:        It renders you almost immune to negative energy.
   rCorr:     It protects you from acid and corrosion.
   Will:      It increases your willpower.
 Z - a ring of willpower
Wands
 e - a wand of roots (17)
 p - a wand of acid (14)
 G - a wand of paralysis (9)
 K - a wand of flame (32)
 L - a wand of polymorph (17)
 Q - a wand of mindburst (13)
 Y - a wand of digging (12)
Scrolls
 j - 2 scrolls of poison
 k - 2 scrolls of blinking
 r - 9 scrolls of teleportation
 v - 3 scrolls of magic mapping
 x - 4 scrolls of fear
 H - 5 scrolls of noise
 U - 4 scrolls of amnesia
 W - a scroll of summoning
 X - 5 scrolls of butterflies
Potions
 b - 5 potions of lignification
 g - 2 potions of cancellation
 h - 3 potions of flight
 m - 2 potions of resistance
 n - 2 potions of berserk rage
 t - a potion of brilliance
 D - 4 potions of attraction
 N - 4 potions of curing
 R - 4 potions of mutation
Miscellaneous
 u - a phantom mirror
 P - a condenser vane


   Skills:
 + Level 12.1 Fighting
 - Level 13.1 Maces & Flails
 + Level 5.6 Armour
 + Level 9.6 Dodging
 - Level 1.4 Stealth
 + Level 10.2 Shields
 + Level 21.3 Spellcasting
 - Level 11.0 Conjurations
 * Level 6.7 Hexes
 - Level 10.5 Summonings
 - Level 7.3 Translocations
 - Level 6.8 Transmutations
 - Level 23.0 Fire Magic
 - Level 11.9 Earth Magic
 + Level 12.2 Invocations
 - Level 10.2 Evocations


You couldn't memorise any spells.
You knew the following spells:

 Your Spells              Type           Power      Damage    Failure   Level
a - Sandblast             Erth           100%       2d20      0%          1
b - Passwall              Tmut/Erth      82%        N/A       1%          2
c - Stone Arrow           Conj/Erth      100%       3d13      1%          3
d - Apportation           Tloc           100%       N/A       1%          1
e - Summon Forest         Summ/Tloc      48%        N/A       1%          5
f - Summon Cactus Giant   Summ           51%        N/A       1%          6
g - Summon Mana Viper     Hex/Summ       96%        N/A       1%          5
h - Iron Shot             Conj/Erth      53%        9d10      1%          6
i - Passage of Golubria   Tloc           91%        N/A       1%          4
j - Spellforged Servitor  Conj/Summ      52%        N/A       10%         7
k - Ignition              Fire           68%        3d18      1%          8
l - Sublimation of Blood  Necr           52%        N/A       1%          2
m - Starburst             Conj/Fire      61%        6d16      1%          6
n - Lehudib's Crystal Sp  Conj/Erth      53%        10d12     47%         8

Your spell library contained the following spells:

 Spells                   Type           Power      Damage    Failure   Level
 Magic Dart               Conj           100%       1d8       0%          1
 Conjure Flame            Conj/Fire      100%       6-21      0%          3
 Inner Flame              Hex/Fire       100%       N/A       0%          3
 Sticky Flame             Conj/Fire      100%       2d11      0%          4
 Call Imp                 Summ           100%       N/A       1%          2
 Ensorcelled Hibernation  Hex/Ice        100%       N/A       1%          2
 Poisonous Vapours        Pois/Air       100%       N/A       1%          2
 Call Canine Familiar     Summ           100%       N/A       1%          3
 Dazzling Flash           Conj/Hex       100%       N/A       1%          3
 Gell's Gravitas          Tloc           91%        N/A       1%          3
 Ignite Poison            Fire/Tmut/Pois 100%       N/A       1%          3
 Mephitic Cloud           Conj/Pois/Air  74%        N/A       1%          3
 Portal Projectile        Hex/Tloc       100%       N/A       1%          3
 Teleport Other           Tloc           91%        N/A       1%          3
 Animate Armour           Summ/Erth      100%       N/A       1%          4
 Leda's Liquefaction      Hex/Erth       49%        N/A       1%          4
 Petrify                  Tmut/Erth      99%        N/A       1%          4
 Summon Ice Beast         Ice/Summ       82%        N/A       1%          4
 Blade Hands              Tmut           44%        N/A       1%          5
 Irradiate                Conj/Tmut      48%        3d27      1%          5
 Frozen Ramparts          Ice            100%       1d16      2%          3
 Ozocubu's Armour         Ice            52%        N/A       2%          3
 Swiftness                Air            52%        N/A       2%          3
 Anguish                  Hex/Necr       36%        N/A       2%          4
 Ice Form                 Ice/Tmut       72%        N/A       2%          4
 Alistair's Intoxication  Tmut/Pois      48%        N/A       6%          5
 Silence                  Hex/Air        36%        N/A       6%          5
 Dispersal                Tloc           45%        N/A       7%          6
 Corpse Rot               Necr/Pois/Air  52%        N/A       9%          4
 Conjure Ball Lightning   Conj/Air       41%        3x3d13    14%         6
 Agony                    Necr           52%        N/A       26%         5
 Enfeeble                 Hex            44%        N/A       45%         7
 Disjunction              Tloc           45%        N/A       96%         8
 Discord                  Hex            44%        N/A       98%         8
 Ozocubu's Refrigeration  Ice            26%        4d13      100%        7


Dungeon Overview and Level Annotations

Branches:
Dungeon (15/15) Zot: 7218  Temple (1/1) D:7 Zot: 835    Lair (5/5) D:11 Zot: 1599
  Swamp (4/4) Lair:2 Zot: 2533   Snake (4/4) Lair:3 Zot: 1214   Slime (0/5) Lair:5
    Orc (2/2) D:12 Zot: 915     Elf (0/3) Orc:2        Vaults (5/5) D:13 Zot: 1669
 Depths (4/4) D:15 Zot: 2524 Gauntlet (visited)
  Crypt: Vaults:2-3     Zot: Depths:4

Altars:
Cheibriados
Dithmenos
Fedhas
Gozag
Makhleb
Nemelex Xobeh
Okawaru
Qazlal
Sif Muna
Trog
Vehumet
Wu Jian
Yredelemnul
Zin
The Shining One
Lugonu

Shops:
D:6 (   D:8 ?   D:11 **   Orc:2 (=!(   Snake:1 ==   Snake:3 :   Snake:4 !
Vaults:2 (   Depths:3 :?   Depths:4 *

Portals:
Abyss: Lair:5 Depths:4
Pandemonium: Depths:2
Trove: Depths:2 (give 6 scrolls of fear)

Annotations:
D:7 2 transporters, gdog's ghost, novice GnDe
Snake:3 exclusion: upstairs
Vaults:2 Mara


Innate Abilities, Weirdness & Mutations

You passively map a large area around you.
You are easily found by Zot.
You glow in the dark.
You regain HP and MP as you explore.


Message History

The ancient lich is severely damaged.
A deep elf death mage comes into view. It is wielding a +0 long sword.
Casting: Ignition (mildly dangerous; 1% risk of failure)
Confirm with . or Enter, or press ? or * to list all spells.
Casting: Ignition (mildly dangerous; 1% risk of failure)
Press: ? - help, Dir - look around, f - activate The air bursts into flame!
The fireball engulfs the deep elf death mage!!
You kill the deep elf death mage!
Cheibriados appreciates the change of pace.
The fireball engulfs the shadow dragon!
The shadow dragon is severely wounded.
The fireball engulfs the ancient lich!
The ancient lich resists.
The ancient lich is almost destroyed.
The fireball engulfs the shadow dragon!!
The shadow dragon is almost dead.
Cheibriados thoroughly appreciates the change of pace.
You feel a bit more experienced.
The ancient lich gestures wildly while chanting.
The ancient lich seems to speed up.
The shadow dragon breathes negative energy at you.
The bolt of negative energy hits the ancient lich.
The ancient lich completely resists.
The bolt of negative energy misses you.
Casting: Ignition (mildly dangerous; 1% risk of failure)
Confirm with . or Enter, or press ? or * to list all spells.
Casting: Ignition (mildly dangerous; 1% risk of failure)
Press: ? - help, Dir - look around, f - activate The air bursts into flame!
The fireball engulfs the shadow dragon!
You kill the shadow dragon!
Cheibriados appreciates the change of pace.
The shadow dragon scales are intact enough to wear.
The fireball engulfs the ancient lich!
The ancient lich resists.
The ancient lich is almost destroyed.
The fireball engulfs the sphinx zombie!!
The sphinx zombie is almost destroyed.
Cheibriados appreciates the change of pace.
You feel a bit more experienced. The ancient lich casts a spell at you.
The bolt of acid hits you!!!!
You die...

, ,, * ,
,......§* #§.#
, *, * ,
,......≈###§§#
,**, ,
[.....§≈≈§§§#*
#.....# ,,,
.........§§.#
#.....# ,
,............#
#.....#
,....[......#
#.....# ,,
*#.......##
#..)..# ,
+......@.#
#.....# **
#..#####L#
#.....# , #..#
, )# #...<.#
***, #..# ,[#
#.....#
,,+..#, )#
#.....# #..#
Z# #.....#
###+##..# †#
#.....#
#......##,
.####.....#
**#......#**
###........#


You could see an ancient lich (fast, invisible) and a sphinx zombie.

Vanquished Creatures
  A dread lich (Vaults:5)
  An ancient lich (Vaults:5)
  Saint Roka (Depths:2)
  A lich (Depths:3)
  Jorgrun (D:14)
  A walking earthen tome (Depths:3)
  4 titans
  An acid blob (Depths:2)
  Frances (D:14)
  5 tengu reavers
  A thorn hunter (Depths:2)
  5 shadow dragons
  2 storm dragons (Vaults:5)
  5 nagarajas
  A fire giant (Vaults:5)
  A draconian knight (Depths:4)
  A fenstrider witch (Swamp:4)
  An orc warlord (Vaults:3)
  2 deep elf sorcerers (Vaults:5)
  5 vault wardens
  7 frost giants
  11 ironbound preservers
  7 very ugly things
  4 ironbound thunderhulks
  A juggernaut skeleton (Depths:2)
  5 stone giants
  6 vampire knights
  3 eleionomae
  2 deep elf demonologists (Vaults:5)
  An entropy weaver (Vaults:5)
  2 bunyips
  2 spark wasps (Depths:2)
  A spectral titan (Depths:4)
  A minotaur (Gauntlet)
  2 deep elf death magi (Depths:4)
  3 ettins (Vaults:5)
  8 yaktaur captains
  A shambling mangrove (Swamp:4)
  2 fire dragons
  4 great orbs of eyes
  A deep elf high priest (Vaults:5)
  2 rakshasas (Depths:3)
  2 salamander tyrants (Snake:4)
  Fannar (Lair:3)
  33 vault guards
  A quicksilver dragon skeleton (Depths:2)
  2 boulder beetles
  9 hydras
  An ogre mage (D:15)
  3 ironbound frosthearts
  2 catoblepae (D:13)
  8 two-headed ogres
  A spriggan air mage (Depths:1)
  5 alligators
  2 anacondas (Snake:4)
  A death yak (Lair:4)
  2 anacondas (shapeshifter)
  4 deep troll shamans
  7 naga warriors
  3 deep troll earth magi
  6 centaur warriors
  A vampire mage (Depths:3)
  4 shock serpents
  3 orc high priests (Orc:2)
  6 naga sharpshooters
  Urug (Orc:2)
  A soul eater (Depths:4)
  2 iron trolls
  A titan zombie (Depths:2)
  A titan skeleton (Depths:4)
  2 goliath frogs
  5 skeletal warriors (Depths:4)
  2 large abominations (Lair:5)
  A glowing orange brain (Vaults:2)
  A bog body (Swamp:2)
  38 deep trolls
  6 ironbound convokers
  7 swamp dragons
  Pikel (D:8)
  A phantasmal warrior (Vaults:5)
  3 necromancers
  5 orc knights
  A wolf spider (D:15)
  6 ugly things (Depths:1)
  3 deep elf pyromancers
  A mana viper (Snake:2)
  2 orc sorcerers
  An oklob plant (Depths:2)
  4 cyclopes
  A will-o-the-wisp (Swamp:2)
  Maurice (D:8)
  2 salamanders (Snake:3)
  A guardian serpent (Snake:3)
  12 black mambas
  5 naga magi
  4 cane toads
  11 vault sentinels
  A smoke demon (Lair:5)
  A molten gargoyle (Depths:1)
  An orange demon (Lair:3)
  A rime drake (Lair:2)
  Maggie (D:7)
  4 freezing wraiths
  26 yaktaurs
  An efreet (D:15)
  A komodo dragon (Lair:4)
  An ancient zyme (Lair:5)
  3 tyrant leeches
  4 trolls
  3 hornets
  A polar bear (Lair:2)
  2 bloated husks
  A polar bear (shapeshifter) (D:14)
  16 slime creatures
  A blink frog (shapeshifter) (Vaults:5)
  16 blink frogs
  A dream sheep (Lair:5)
  5 spriggans
  A flying skull (Gauntlet)
  A shadow (D:9)
  2 jumping spiders (shapeshifter)
  Sigmund (D:6)
  A ynoxinul (Lair:5)
  3 wyverns
  A basilisk (Lair:2)
  A fire elemental (Depths:1)
  3 water elementals (Depths:2)
  11 yaks
  A wraith (D:10)
  A basilisk (shapeshifter) (Lair:5)
  5 steam dragons
  A vampire mosquito (D:13)
  A chaos spawn (Lair:5)
  A redback (shapeshifter) (Vaults:3)
  6 swamp worms
  20 nagas
  2 water moccasins
  Duvessa (D:7)
  A floating eye (shapeshifter) (D:15)
  A glowing shapeshifter skeleton (Depths:2)
  3 swamp drakes
  18 orc warriors
  A sky beast (D:6)
  A black bear (D:6)
  An ice beast (D:7)
  4 ogres
  5 wolves
  3 centaurs
  A phantom (D:7)
  A kobold brigand (D:9)
  10 bullfrogs
  9 small abominations (Lair:5)
  A gnoll sergeant (D:7)
  A necrophage (D:6)
  5 scorpions
  2 wights (D:8)
  Dowan (D:7)
  6 killer bees
  3 howler monkeys
  An electric eel (D:10)
  2 hounds
  A gnoll bouda (D:10)
  5 jellies
  19 orc priests
  Jessica (D:2)
  2 iguanas
  Natasha (D:3)
  14 orc wizards
  4 adders
  7 gnolls
  2 white imps
  An ufetubus (D:6)
  A dart slug (D:3)
  38 orcs
  A bat (D:3)
  2 giant cockroaches
  A goblin (D:4)
  5 hobgoblins
  2 quokkas
  4 ball pythons
  2 frilled lizards (D:2)
  5 kobolds
711 creatures vanquished.

Vanquished Creatures (collateral kills)
  An ancient lich (Vaults:1)
  2 tentacled monstrosities
  A titan (Vaults:5)
  An acid blob (Depths:2)
  Gastronok (Lair:3)
  A sphinx (Vaults:5)
  2 shadow dragons (Vaults:5)
  2 storm dragons
  A tengu reaver (Vaults:5)
  A frost giant (Depths:2)
  9 nagarajas (Snake:4)
  A fire giant (Depths:2)
  An orc warlord (Vaults:4)
  2 vault wardens
  5 ironbound preservers
  An ironbound thunderhulk (Vaults:1)
  A stone giant (Vaults:5)
  A deep elf demonologist (Vaults:5)
  A black draconian (Depths:4)
  A yellow draconian (Depths:4)
  A purple draconian (Depths:4)
  A deep elf death mage (Vaults:1)
  4 ettins (Vaults:5)
  2 yaktaur captains
  2 fire dragons
  A great orb of eyes (Vaults:3)
  A deep elf high priest (Vaults:5)
  A rakshasa (Depths:2)
  3 vault guards
  2 boulder beetles (D:11)
  9 hydras
  An ogre mage (Orc:2)
  10 slime creatures
  6 naga warriors
  5 two-headed ogres
  2 ironbound frosthearts (Vaults:3)
  A tengu warrior (D:13)
  A centaur warrior (D:15)
  A deep troll earth mage (Vaults:1)
  2 orc high priests (Orc:2)
  4 shock serpents
  2 spriggan berserkers (Swamp:4)
  5 hell knights (Depths:2)
  Amaemon (Lair:3)
  6 naga sharpshooters (Snake:4)
  2 thrashing horrors (Lair:5)
  3 salamander mystics
  10 deep trolls
  A spriggan druid (Swamp:4)
  7 swamp dragons (Swamp:4)
  4 bog bodies (Swamp:4)
  3 naga ritualists (Snake:4)
  2 lindwurms (Vaults:1)
  4 ironbound convokers
  2 phantasmal warriors
  A necromancer (Vaults:5)
  5 orc knights
  A wolf spider (shapeshifter) (Vaults:1)
  2 ugly things
  An oklob plant (Depths:2)
  2 mana vipers
  A manticore (D:15)
  3 orc sorcerers
  3 salamanders
  2 cyclopes
  2 large abominations (Lair:5)
  A will-o-the-wisp (Swamp:4)
  An elephant (D:11)
  7 black mambas
  6 naga magi
  A vault sentinel (Vaults:5)
  Joseph (D:8)
  5 guardian serpents
  2 cane toads (Lair:5)
  3 rime drakes
  A freezing wraith (Vaults:5)
  A yaktaur (Vaults:4)
  5 komodo dragons
  An ancient zyme (Lair:5)
  4 polar bears
  2 trolls (D:11)
  A tyrant leech (Swamp:4)
  A hornet (D:9)
  10 blink frogs
  4 dream sheep (Lair:5)
  2 flying skulls (Gauntlet)
  A wraith (D:11)
  A shadow (D:11)
  5 nameless horrors
  A wyvern (Lair:5)
  2 ynoxinuls (Lair:5)
  2 spriggans (Swamp:4)
  A basilisk (Lair:2)
  15 yaks
  Grum (D:8)
  21 nagas
  2 swamp worms (Swamp:4)
  A warg (Orc:2)
  An acid dragon (D:8)
  3 water moccasins
  6 swamp drakes
  2 black bears (D:11)
  25 orc warriors
  5 ogres
  17 wolves
  A kobold brigand (D:9)
  2 lemures (D:8)
  6 small abominations (Lair:5)
  2 bullfrogs
  A gnoll sergeant (D:9)
  7 wights
  2 killer bees
  A howler monkey (shapeshifter) (Vaults:5)
  A howler monkey (D:9)
  3 jellies
  29 orc priests
  2 iguanas (Lair:2)
  10 orc wizards
  49 orcs
  9 kobolds (D:9)
  A bush (Lair:5)
468 creatures vanquished.

Vanquished Creatures (others)
  A naga warrior (Snake:4)
  A naga mage (Snake:1)
  A demonic plant (Gauntlet)
  4 foxfires (Swamp:4)
  19 fungi
  83 plants
  11 snaplasher vines
120 creatures vanquished.

Grand Total: 1299 creatures vanquished

Notes
Turn   | Place    | Note
-------+----------+-------------------------------------------
     0 | D:1      | FexLirch the Meteoran Earth Elementalist began the quest
                  | for the Orb.
     0 | D:1      | Reached XP level 1. HP: 14/14 MP: 5/5
     9 | D:1      | You fall into a shaft and drop 1 floor!
    49 | D:4      | Noticed a jelly
    71 | D:3      | Reached XP level 2. HP: 20/20 MP: 3/6
    74 | D:3      | Learned a level 2 spell: Passwall
   117 | D:3      | Noticed Natasha
   125 | D:3      | Reached skill level 1 in Conjurations
   187 | D:2      | Found an iron altar of Okawaru.
   247 | D:1      | Reached XP level 3. HP: 24/26 MP: 4/8
   386 | D:3      | Killed Natasha
   387 | D:3      | Reached XP level 4. HP: 33/33 MP: 4/10
   392 | D:3      | Learned a level 3 spell: Stone Arrow
   430 | D:2      | Noticed Jessica
   431 | D:2      | Killed Jessica
   546 | D:4      | Noticed a scorpion
   549 | D:4      | Killed a scorpion
   550 | D:4      | Reached XP level 5. HP: 38/38 MP: 2/12
   624 | D:4      | Reached skill level 5 in Earth Magic
   624 | D:4      | Reached XP level 6. HP: 35/45 MP: 9/13
   660 | D:5      | Entered Level 5 of the Dungeon
   662 | D:5      | Reached skill level 5 in Spellcasting
   671 | D:4      | Reached XP level 7. HP: 44/50 MP: 2/15
   699 | D:5      | Noticed a water moccasin
   704 | D:5      | Killed a water moccasin
   735 | D:5      | Found an opulent altar of Gozag.
   738 | D:5      | Found an opulent altar of Gozag.
   738 | D:5      | Found an opulent altar of Gozag.
   751 | D:5      | Found an opulent altar of Gozag.
   791 | D:5      | Reached XP level 8. HP: 57/57 MP: 15/19
   826 | D:6      | HP: 2/57 [something/magic dart (6)]
   873 | D:6      | Found Ycsuckish's Hydra Hut.
   875 | D:6      | Noticed an eight-headed hydra
   905 | D:6      | Learned a level 1 spell: Apportation
   954 | D:6      | Reached skill level 1 in Summonings
   981 | D:7      | Found a basalt altar of Yredelemnul.
   992 | D:7      | Reached skill level 10 in Spellcasting
   992 | D:7      | Gained mutation: You passively map the area around you.
                  | [Meteoran growth]
   992 | D:7      | Reached XP level 9. HP: 62/62 MP: 17/24
  1041 | D:8      | Noticed Grum
  1064 | D:7      | Noticed Duvessa
  1064 | D:7      | Noticed Dowan
  1069 | D:7      | Killed Dowan
  1073 | D:7      | Killed Duvessa
  1096 | D:7      | Found a bloodstained altar of Trog.
  1129 | D:7      | Found a transporter.
  1134 | D:7      | Noticed a moth of wrath
  1147 | D:7      | Found a glowing golden altar of the Shining One.
  1199 | D:7      | Learned a level 5 spell: Summon Forest
  1202 | D:7      | Found a staircase to the Ecumenical Temple.
  1214 | Temple   | Entered the Ecumenical Temple
  1239 | Temple   | Became a worshipper of Cheibriados the Contemplative
  1326 | D:7      | Noticed Maggie
  1363 | D:6      | Reached skill level 5 in Summonings
  1368 | D:6      | Noticed Sigmund
  1397 | D:6      | Killed Sigmund
  1398 | D:6      | Reached skill level 1 in Evocations
  1398 | D:6      | Reached XP level 10. HP: 60/69 MP: 17/27
  1470 | D:7      | Found a transporter.
  1470 | D:7      | Noticed gdog's ghost (novice GnDe)
  1566 | D:8      | Noticed Maurice
  1571 | D:8      | Killed Maurice
  1638 | D:7      | HP: 2/69 [Maggie/+1 morningstar of flaming (2)]
  1640 | D:7      | Killed Maggie
  1640 | D:7      | Reached * piety under Cheibriados
  1797 | D:8      | You fall into a shaft and drop 1 floor!
  1805 | D:10     | Entered Level 10 of the Dungeon
  1874 | D:8      | Reached ** piety under Cheibriados
  1876 | D:8      | Killed Grum
  1931 | D:8      | Learned a level 6 spell: Summon Cactus Giant
  2019 | D:8      | Noticed Joseph
  2021 | D:8      | Paralysed by Joseph for 2 turns
  2026 | D:8      | Paralysed by Joseph for 5 turns
  2030 | D:8      | Killed Joseph
  2031 | D:8      | Reached skill level 1 in Fighting
  2031 | D:8      | Reached skill level 1 in Translocations
  2031 | D:8      | Reached skill level 5 in Evocations
  2031 | D:8      | Reached XP level 11. HP: 60/77 MP: 26/30
  2042 | D:8      | Noticed Pikel
  2051 | D:8      | Killed Pikel
  2093 | D:8      | Found Niudex's Magic Scroll Shoppe.
  2096 | D:8      | Bought a scroll of blinking for 97 gold pieces
  2096 | D:8      | Bought a scroll of identify for 26 gold pieces
  2097 | D:8      | Bought a scroll of identify for 26 gold pieces
  2097 | D:8      | Bought a scroll of identify for 26 gold pieces
  2115 | D:8      | Identified the ring "Rerofey" {Fly Str+6 Dex-4 Stlth+}
  2327 | D:10     | Noticed a two-headed ogre
  2332 | D:10     | Killed a two-headed ogre
  2371 | D:10     | Learned a level 5 spell: Summon Mana Viper
  2445 | D:9      | Identified the ring "Ganatot" {Fly rPois Will++ rCorr
                  | Slay-2}
  2453 | D:9      | Reached *** piety under Cheibriados
  2553 | D:11     | Noticed an eight-headed hydra
  2555 | D:11     | Noticed an elephant
  2558 | D:11     | Killed an eight-headed hydra
  2559 | D:11     | Reached skill level 15 in Spellcasting
  2560 | D:11     | Killed an elephant
  2571 | D:11     | Noticed a boulder beetle
  2583 | D:11     | Killed a boulder beetle
  2584 | D:11     | Reached XP level 12. HP: 60/91 MP: 2/32
  2588 | D:11     | Noticed a two-headed ogre
  2599 | D:11     | Killed a two-headed ogre
  2611 | D:11     | Noticed a six-headed hydra
  2612 | D:11     | Noticed a two-headed ogre
  2621 | D:11     | Killed a six-headed hydra
  2648 | D:11     | Reached skill level 5 in Translocations
  2652 | D:11     | Noticed a boulder beetle
  2658 | D:11     | Killed a boulder beetle
  2659 | D:11     | Killed a two-headed ogre
  2692 | D:11     | Noticed a five-headed hydra
  2700 | D:11     | Found a staircase to the Lair.
  2700 | D:11     | Killed a five-headed hydra
  2701 | D:11     | Reached skill level 5 in Fighting
  2716 | D:11     | Reached **** piety under Cheibriados
  2730 | D:11     | Found Poczost's Specific Store.
  2736 | D:11     | Found Uhohetis's General Store.
  3042 | Lair:1   | Entered Level 1 of the Lair of Beasts
  3104 | Lair:1   | Found a gate leading to a gauntlet.
  3122 | Gauntlet | Entered a Gauntlet
  3122 | Gauntlet | Found a transporter.
  3129 | Gauntlet | Found a transporter.
  3132 | Gauntlet | Found a transporter.
  3133 | Gauntlet | Found a transporter.
  3142 | Gauntlet | Found a transporter.
  3144 | Gauntlet | Found a transporter.
  3145 | Gauntlet | Found a transporter.
  3153 | Gauntlet | Found a transporter.
  3156 | Gauntlet | Found a transporter.
  3157 | Gauntlet | Found a transporter.
  3168 | Gauntlet | Found a transporter.
  3168 | Gauntlet | Found a transporter.
  3168 | Gauntlet | Noticed a ghost crab
  3169 | Gauntlet | Found a transporter.
  3172 | Gauntlet | Noticed a dire elephant
  3177 | Gauntlet | Found a transporter.
  3264 | Gauntlet | Reached ***** piety under Cheibriados
  3268 | Gauntlet | Reached XP level 13. HP: 97/101 MP: 21/34
  3341 | Gauntlet | Noticed a minotaur
  3371 | Gauntlet | Killed a minotaur
  3372 | Gauntlet | Reached skill level 10 in Summonings
  3592 | Lair:2   | Found a staircase to the Swamp.
  3617 | Lair:2   | Learned a level 6 spell: Iron Shot
  3653 | Lair:2   | Reached skill level 5 in Dodging
  3656 | Lair:3   | Noticed Fannar
  3661 | Lair:3   | Killed Fannar
  3675 | Lair:3   | Noticed Gastronok
  3688 | Lair:3   | Killed Gastronok
  3753 | Lair:5   | Entered Level 5 of the Lair of Beasts
  3753 | Lair:5   | Noticed a seven-headed hydra
  3760 | Lair:5   | Killed a seven-headed hydra
  3764 | Lair:5   | Reached skill level 5 in Conjurations
  3767 | Lair:5   | Reached XP level 14. HP: 67/110 MP: 12/36
  3884 | Lair:5   | Reached ****** piety under Cheibriados
  3951 | Lair:5   | Found a staircase to the Slime Pits.
  4094 | Lair:5   | Reached skill level 10 in Evocations
  4204 | Lair:5   | Found the +5 lochaber axe {reach-cleave, poleaxe}
  4206 | Lair:5   | Found a corrupted altar of Lugonu.
  4206 | Lair:5   | Found a one-way gate to the infinite horrors of the Abyss.
  4393 | Lair:4   | Reached XP level 15. HP: 118/118 MP: 31/38
  4476 | Lair:3   | Noticed Amaemon
  4483 | Lair:3   | Killed Amaemon
  4484 | Lair:3   | Reached skill level 1 in Invocations
  4531 | Lair:3   | Reached skill level 1 in Maces & Flails
  4656 | Swamp:1  | Entered Level 1 of the Swamp
  4848 | Swamp:3  | Reached skill level 1 in Shields
  4861 | Swamp:3  | Noticed a tentacled monstrosity
  4864 | Swamp:3  | Killed a tentacled monstrosity
  4865 | Swamp:3  | Reached skill level 10 in Earth Magic
  4882 | Swamp:4  | Entered Level 4 of the Swamp
  4882 | Swamp:4  | Noticed a fenstrider witch
  4888 | Swamp:4  | Killed a fenstrider witch
  4928 | Swamp:2  | Reached skill level 5 in Maces & Flails
  5027 | Swamp:4  | Reached XP level 16. HP: 128/128 MP: 27/40
  5072 | Swamp:4  | Reached skill level 10 in Conjurations
  5074 | Swamp:4  | Identified a scroll of acquirement
  5075 | Swamp:4  | Acquired the Grimoire of Attacks
  5149 | Swamp:4  | Reached skill level 5 in Invocations
  5153 | Swamp:4  | Got a decaying rune of Zot
  5443 | Lair:3   | Found a staircase to the Snake Pit.
  5455 | Snake:1  | Entered Level 1 of the Snake Pit
  5470 | Snake:1  | Found Omonaara's Jewellery Emporium.
  5474 | Snake:1  | Found Pusme's Jewellery Shoppe.
  5508 | Snake:1  | Bought a ring of see invisible for 210 gold pieces
  5529 | Snake:1  | Learned a level 5 spell: Irradiate
  5537 | Snake:1  | Learned a level 7 spell: Spellforged Servitor
  5575 | Snake:1  | You are sucked into a shaft and drop 1 floor!
  5759 | Snake:3  | Found Nuudatt's Book Boutique.
  5799 | Snake:3  | Reached XP level 17. HP: 136/136 MP: 34/41
  5822 | Snake:3  | Reached skill level 5 in Shields
  5832 | Snake:3  | Reached skill level 1 in Fire Magic
  5874 | Snake:3  | Noticed a nagaraja
  5879 | Snake:3  | Killed a nagaraja
  5880 | Snake:3  | Reached skill level 2 in Fire Magic
  5934 | Snake:2  | Reached skill level 3 in Fire Magic
  5964 | Snake:3  | Identified the +4 ring mail of Vampiric Thralls {Rampage
                  | Str+2}
  5976 | Snake:4  | Entered Level 4 of the Snake Pit
  5976 | Snake:4  | Found Neaxzax's Distillery.
  6040 | Snake:4  | Noticed a nagaraja
  6048 | Snake:4  | Killed a nagaraja
  6049 | Snake:4  | Reached skill level 4 in Fire Magic
  6222 | Snake:4  | Reached skill level 10 in Maces & Flails
  6224 | Snake:4  | Reached skill level 5 in Fire Magic
  6235 | Snake:4  | Noticed a nagaraja
  6239 | Snake:4  | Noticed a nagaraja
  6243 | Snake:4  | Killed a nagaraja
  6246 | Snake:4  | Killed a nagaraja
  6279 | Snake:4  | Noticed a nagaraja
  6280 | Snake:4  | Noticed a nagaraja
  6282 | Snake:4  | Killed a nagaraja
  6288 | Snake:4  | Killed a nagaraja
  6289 | Snake:4  | Reached skill level 6 in Fire Magic
  6435 | Snake:4  | Noticed a nagaraja
  6439 | Snake:4  | Killed a nagaraja
  6447 | Snake:4  | Reached skill level 5 in Transmutations
  6469 | Snake:4  | Noticed a nagaraja
  6473 | Snake:4  | Gained mutation: You passively map a large area around you.
                  | [Meteoran growth]
  6473 | Snake:4  | Reached XP level 18. HP: 117/147 MP: 23/43
  6487 | Snake:4  | Reached skill level 10 in Fighting
  6553 | Snake:4  | Reached skill level 7 in Fire Magic
  6568 | Snake:4  | Got a serpentine rune of Zot
  6868 | D:12     | Found a staircase to the Orcish Mines.
  6888 | Orc:1    | Entered Level 1 of the Orcish Mines
  6971 | Orc:2    | Entered Level 2 of the Orcish Mines
  6971 | Orc:2    | Found a staircase to the Elven Halls.
  7127 | Orc:1    | Paralysed by an orc sorcerer for 5 turns
  7265 | Orc:2    | Noticed Urug
  7269 | Orc:2    | Killed Urug
  7353 | Orc:2    | Found Neleadgh's Weapon Shoppe.
  7353 | Orc:2    | Found Xoobbau's Weapon Shoppe.
  7354 | Orc:2    | Found Simpator's Distillery.
  7354 | Orc:2    | Found Mow Yppie's Jewellery Shoppe.
  7366 | Orc:2    | Bought a potion of heal wounds for 75 gold pieces
  7366 | Orc:2    | Bought a potion of cancellation for 120 gold pieces
  7679 | Snake:3  | Bought the Dissertation on the Summer for 960 gold pieces
  7901 | D:14     | Noticed Frances
  7905 | D:14     | Killed Frances
  8046 | D:13     | Found a gate to the Vaults.
  8090 | D:13     | Learned a level 8 spell: Ignition
  8239 | D:14     | Noticed Jorgrun
  8242 | D:14     | Killed Jorgrun
  8243 | D:14     | Reached skill level 8 in Fire Magic
  8243 | D:14     | Reached XP level 19. HP: 80/156 MP: 27/44
  8274 | D:15     | Entered Level 15 of the Dungeon
  8420 | D:15     | Reached skill level 9 in Fire Magic
  8486 | D:15     | Paralysed by a floating eye for 3 turns
  8493 | D:15     | Reached skill level 10 in Fire Magic
  8496 | D:15     | Found a staircase to the Depths.
  8596 | Vaults:1 | Entered Level 1 of the Vaults
  8624 | Vaults:1 | Reached skill level 11 in Fire Magic
  8655 | Vaults:2 | Found the +0 mask of the Dragon {Will+ Slay+3 SInv}
  8751 | Vaults:3 | Identified the +1 broad axe of Ranuituley {venom, *Noise
                  | rPois rF+ rC+}
  8805 | Vaults:4 | Reached skill level 12 in Fire Magic
  8859 | Vaults:2 | Reached skill level 13 in Fire Magic
  8860 | Vaults:2 | Noticed Mara
  8866 | Vaults:2 | Noticed FexLirch's illusion
  8913 | Vaults:2 | Found Onaycso's Antique Weapon Shoppe.
  8932 | Vaults:2 | Reached skill level 14 in Fire Magic
  9044 | Vaults:1 | Reached XP level 20. HP: 163/163 MP: 5/45
  9046 | Vaults:1 | Reached skill level 15 in Fire Magic
  9247 | Vaults:3 | Reached skill level 16 in Fire Magic
  9359 | Vaults:3 | Learned a level 2 spell: Sublimation of Blood
  9366 | Vaults:3 | Learned a level 6 spell: Starburst
  9421 | Vaults:4 | Reached skill level 17 in Fire Magic
  9591 | Vaults:5 | Entered Level 5 of the Vaults
  9593 | Vaults:5 | Reached skill level 19 in Fire Magic
  9595 | Vaults:5 | Noticed a tentacled monstrosity
  9598 | Vaults:5 | Reached XP level 21. HP: 132/170 MP: 26/46
  9599 | Vaults:5 | Noticed a dread lich
  9602 | Vaults:5 | Noticed a Tzitzimitl
  9602 | Vaults:5 | Killed a tentacled monstrosity
  9605 | Vaults:5 | Killed a dread lich
  9606 | Vaults:5 | Reached skill level 20 in Fire Magic
  9613 | Vaults:5 | Noticed an ancient lich
  9622 | Vaults:5 | Reached skill level 21 in Fire Magic
  9690 | Vaults:5 | Identified the +6 long sword of Ravage {flame, rElec rF++}
  9691 | Vaults:5 | Killed an ancient lich
  9698 | Vaults:5 | Reached skill level 22 in Fire Magic
  9804 | Vaults:5 | Reached XP level 22. HP: 140/177 MP: 25/47
  9892 | Vaults:5 | Identified the +5 lajatang "Nemosh" {vorpal, rPois rN+++
                  | Dex-3 Stlth-}
  9904 | Vaults:5 | Reached skill level 23 in Fire Magic
  9925 | Vaults:5 | Got a silver rune of Zot
  9994 | Vaults:5 | Identified the +5 quarterstaff of the Imbibing Dragonfly
                  | {antimagic, *Rage rElec Int+4}
  9994 | Vaults:5 | Identified the amulet of the Swan {Acrobat rF+ Str+2 Int+3}
 10106 | Vaults:5 | Identified the ring of Loedialig {rF- rN+++ Will+ rCorr
                  | Str-5}
 10107 | Vaults:5 | Got a silver rune of Zot
 10110 | Vaults:5 | Identified the +4 dagger of Makhleb's Grace {drain, Int+7}
 10158 | Vaults:4 | Reached skill level 1 in Armour
 10163 | Vaults:4 | Reached skill level 10 in Invocations
 10281 | Vaults:1 | Noticed an ancient lich
 10292 | Vaults:1 | Killed an ancient lich
 10441 | Depths:1 | Entered Level 1 of the Depths
 10566 | Depths:2 | Reached skill level 1 in Hexes
 10578 | Depths:1 | Noticed Saint Roka
 10588 | Depths:2 | Killed Saint Roka
 10645 | Depths:2 | Found a one-way gate leading to the halls of Pandemonium.
 10675 | Depths:2 | Reached XP level 23. HP: 163/187 MP: 38/49
 10685 | Depths:2 | Found a portal to a secret trove of treasure.
 10761 | Depths:3 | Found Hujul's Book Boutique.
 10769 | Depths:3 | Bought a book of the Moon for 520 gold pieces
 10769 | Depths:3 | Bought Ozocubu's Autobiography for 312 gold pieces
 10775 | Depths:3 | Learned a level 4 spell: Passage of Golubria
 10784 | Depths:3 | Learned a level 8 spell: Lehudib's Crystal Spear
 10810 | Depths:3 | Found Ulak's Magic Scroll Shoppe.
 10814 | Depths:3 | Reached skill level 5 in Hexes
 10816 | Depths:3 | Bought a scroll of teleportation for 42 gold pieces
 10851 | Depths:4 | Entered Level 4 of the Depths
 10886 | Depths:4 | Reached skill level 5 in Armour
 10945 | Depths:4 | Reached skill level 10 in Shields
 10988 | Depths:4 | Found Beuraot's Fire Supplies.
 11110 | Depths:4 | Noticed an ancient lich
 11115 | Depths:4 | Killed from afar by an ancient lich

Illustrated notes

Levels and vault maps discovered:
D:1:      minmay_arrival_hallway, layout_basic,
          dreamdust_ecumenical_altar_angels_and_demons, interstate_on_off
D:2:      layout_basic, basic_altar, uniq_jessica
D:3:      layout_basic, uniq_natasha
D:4:      layout_cave_pools, uniq_menkaure
D:5:      layout_basic, nicolae_gozag_conspicuous_consumption,
          mainiacjoe_overflow_divided_tiny, minmay_misc_feat_iff
D:6:      layout_rooms, nicolae_elyvilon_temple_path, doesnt_shop_hydraphobe,
          uniq_sigmund
D:7:      layout_loops_corners, mainiacjoe_overflow_concentric_impassable,
          mainiacjoe_overflow_24_doors, mainiacjoe_overflow_chevrons,
          minmay_temple_entry_tees, gammafunk_ghost_berserking_beasts,
          hangedman_abyss_or_decor_slice, uniq_maggie, uniq_duvessa
D:8:      layout_cave_pools, serial_shops, nicolae_shop_window_shopping,
          sigmund_army, uniq_pikel, uniq_joseph, uniq_maurice, uniq_grum
D:9:      layout_cross, kennysheep_potato
D:10:     cheibrodos_steamvent, layout_loops_ring,
          kennysheep_opposing_triangles, uniq_erolcha
D:11:     minmay_octagon_keep, layout_cave_pools, david_lair_generic,
          nicolae_specific_store, nicolae_blasting_shop
D:12:     minmay_the_grid_triangle_9x9_line_8_mashed
          [minmay_the_grid_triangle_9x9_zippers_vertical,
          minmay_the_grid_triangle_9x9_dagger,
          minmay_the_grid_triangle_9x9_skeleton,
          minmay_the_grid_triangle_9x9_impossible_snake,
          minmay_the_grid_triangle_9x9_limited_checkers,
          minmay_the_grid_triangle_9x9_sparse_checkered,
          minmay_the_grid_triangle_9x9_sprig,
          minmay_the_grid_triangle_9x9_prize_special], layout_basic, david_orc_2
D:13:     layout_cave_pods, skrybe_vaults_entry_preservation, serial_shops,
          nicolae_shop_hallway_stairs, lemuel_flamethrower_2
D:14:     layout_irregular_city, hangedman_decor_slide_cut, uniq_jorgrun,
          uniq_frances
D:15:     hangedman_depths_entry_try_elsewhere_first, layout_basic,
          hangedman_glass_teeth, ebering_ghost_inner_flame
Temple:   nicolae_temple_bog_church
Lair:1:   layout_chaotic_city, enter_volcano_2, gauntlet_entry_generic,
          serial_bayou_shore_a, grunt_megastairs_2, lemuel_fruit_tree
Lair:2:   layout_regular_city, minmay_swamp_entry_reptiles
Lair:3:   layout_gridlike, guppyfry_snake_entry_garden, uniq_amaemon,
          uniq_fannar, uniq_gastronok
Lair:4:   beast_lair_carwin_large_1, layout_cellular_growth,
          portal_ice_cave_entry_animals_and_master
Lair:5:   hellmonk_lair_end_abyssal_woods, layout_layer_cave, slime_entry_1
Swamp:1:  layout_falls_marsh, evilmike_swamp_ruin_wall, swamp_pool2,
          nicolae_swamp_dense_foliage
Swamp:2:  nicolae_swamp_decorative_isthmus, layout_basic_swamp,
          nicolae_swamp_well_well_well, infiniplex_staircase_pool, uniq_louise
Swamp:3:  layout_basic_swamp, serial_swamp_ruin, evilmike_swamp_ruin_house_1,
          evilmike_swamp_ruin_house_4
Swamp:4:  swamp_basic_johnstein, layout_basic_swamp, swamp_pool4,
          nicolae_swamp_tree_designs
Snake:1:  layout_gridlike, serial_shops, nicolae_square_shop,
          nicolae_shop_advertising_works [nicolae_subvault_shop_adworks],
          shop_fountains
Snake:2:  layout_concentric_octagons, ebering_ghost_gozag, serial_bayou_crossing
Snake:3:  nicolae_snake_crotalidae_crossing, layout_onion_interference,
          serial_shops, nicolae_square_shop, nicolae_snake_naga_rites
Snake:4:  grunt_snake_rune_spirals, layout_onion, serial_shops,
          nicolae_shop_statue_plus, nicolae_snake_linked_coils,
          beargit_elvish_explorers
Orc:1:    layout_caves
Orc:2:    st_orc_pillars, layout_caves, mines2_lemuel, uniq_urug
Vaults:1: v_pattern_4, hangedman_vaults_trim, hangedman_vaults_cutoff,
          vaults_mumra_chevron, ontoclasm_vaults_loading_screen,
          dpeg_vaults_monster_row, grunt_vaults_funnel,
          nicolae_vaults_rhombus_7, vaults_room_fancy_cross,
          hangedman_vaults_corner, vaults_dpeg_hooks, vaults_dpeg_cross,
          v_misc_8, nicolae_vaults_little_squares_5,
          minmay_guarded_unrand_guard_vaults, ontoclasm_vaults_claustrophobia,
          layout_vaults_maze_bifur
Vaults:2: v_misc_28, hangedman_vaults_stream, gammafunk_the_bubble
          [the_bubble_gammafunk_crates], vaults_room_ringed_pool,
          minmay_crypt_entry_necro_gods, vaults_room_boxed,
          hangedman_vaults_stretched_pinwheel, v_misc_13,
          vaults_room_stairs_pillars, nicolae_vaults_theta,
          nicolae_vaults_theta, vaults_room_door_hall,
          vaults_mumra_chevron_long, grunt_vaults_diagonal,
          hangedman_vaults_hat, vaults_room_fours, layout_vaults_omnibox,
          serial_shops, shop, uniq_bai_suzhen, uniq_mara
Vaults:3: grunt_vaults_swirl, st_cells, v_misc_26, hangedman_vaults_maws,
          vaults_room_grid, ontoclasm_vaults_chip, v_pattern_1, v_misc_12,
          layout_vaults_quadrants, uniq_jory
Vaults:4: nicolae_vaults_little_squares_4, ontoclasm_vaults_misaligned,
          v_misc_29, grunt_vaults_trifunnel, nicolae_vaults_little_squares_2,
          v_misc_3, vaults_room_octagon, vaults_mumra_lcd,
          nicolae_vaults_little_squares_2, nicolae_vaults_yaktaur_gun_rack,
          nicolae_vaults_theta, layout_vaults_big_room, serial_shops, shop_coins
Vaults:5
Depths:1: layout_basic, grunt_hell_entry_dis_old, hangedman_decor_push,
          minmay_multi_spiral, uniq_saint_roka
Depths:2: dpeg_oklob_gauntlet, layout_gridlike, enter_trove_5,
          hangedman_coc_ice_floe, infiniplex_staircase_pool_2, serial_shops,
          shop_statue, pan_entry, serial_bayou_shore_b, serial_bayou_shore_b
Depths:3: minmay_ornate_pinched, layout_honeycomb, minmay_room_of_horrors,
          serial_shops, shop, shop, shop, nicolae_inconvenience_store,
          hell_entry, doesnt_xom_only_xom, infiniplex_staircase_spiral,
          uniq_sojobo
Depths:4: grunt_crosshair, layout_gridlike, enter_ziggurat_e, hellmouth_1,
          chequers_serial_rivers_micro_b, serial_shops,
          nicolae_shop_behind_doors, abyss_entry, special_room
          [special_room_morgue], minivault_16, nicolae_shop_fire_sale
          [nicolae_sub_dead_trees]

Skill      XL: |  1  2  3  4  5  6  7  8  9 10 11 12 13 14 15 16 17 18 19 20 21 22 23 |
---------------+----------------------------------------------------------------------+-----
Spellcasting   | 3 4 5 7 10 12 14 15 16 17 18 19 20 21 | 21.3
Conjurations   | 1 2 3 4 5 7 9 11 | 11.0
Earth Magic    | 4 5 6 7 9 10 11 | 11.9
Summonings     | 1 5 7 8 9 10 | 10.5
Evocations     | 1 5 6 8 9 10 | 10.2
Fighting       | 1 4 5 6 7 8 9 10 11 12 | 12.1
Translocations | 1 4 6 7 |  7.3
Dodging        | 3 5 7 8 9 |  9.6
Invocations    | 4 6 7 9 11 12 | 12.2
Maces & Flails | 5 8 10 13 | 13.1
Shields        | 3 4 6 8 9 10 | 10.2
Transmutations | 2 5 6 |  6.8
Fire Magic     | 6 8 14 19 22 23 | 23.0
Armour         | 4 5 |  5.6
Hexes          | 3 6 |  6.7
Stealth        | |  1.4

Action                   |  1- 3 |  4- 6 |  7- 9 | 10-12 | 13-15 | 16-18 | 19-21 | 22-24 || total
-------------------------+-------+-------+-------+-------+-------+-------+-------+-------++-------
Melee: Short sword       |     4 |       |     3 |       |       |       |       |       ||     7
       Hand axe          |       |       |       |    24 |     1 |       |       |       ||    25
       Spear             |       |       |       |       |    70 |       |       |       ||    70
       Staff             |       |       |       |       |    10 |       |     5 |       ||    15
       Demon whip        |       |       |       |       |     7 |    98 |     1 |     2 ||   108
       Broad axe         |       |       |       |       |       |       |    69 |    14 ||    83
       Long sword        |       |       |       |       |       |       |       |     3 ||     3
 Cast: Sandblast         |    23 |    16 |    33 |    30 |     3 |       |       |       ||   105
       Passwall          |     2 |     3 |     2 |     2 |       |    16 |     4 |     3 ||    32
       Stone Arrow       |       |    12 |    77 |    79 |    79 |    53 |     4 |     5 ||   309
       Summon Forest     |       |       |       |    12 |    15 |    18 |     4 |       ||    49
       Summon Cactus Gia |       |       |       |    17 |    32 |    37 |     3 |     2 ||    91
       Summon Mana Viper |       |       |       |     9 |    22 |    30 |       |       ||    61
       Apportation       |       |       |       |     7 |    40 |    87 |    24 |    26 ||   184
       Iron Shot         |       |       |       |       |   104 |   155 |   128 |    79 ||   466
       Irradiate         |       |       |       |       |       |     4 |    11 |     6 ||    21
       Spellforged Servi |       |       |       |       |       |    31 |    26 |    20 ||    77
       Ignition          |       |       |       |       |       |       |    37 |    44 ||    81
       Starburst         |       |       |       |       |       |       |     2 |    12 ||    14
       Sublimation of Bl |       |       |       |       |       |       |       |     1 ||     1
Evoke: Wand              |       |       |       |     1 |     7 |     4 |     4 |       ||    16
  Use: Potion            |       |     1 |     3 |     3 |    10 |     1 |    16 |     1 ||    35
       Scroll            |       |       |       |    17 |     5 |    17 |     9 |     3 ||    51
 Stab: Distracted        |       |       |       |       |     2 |     5 |     1 |     1 ||     9
       Sleeping          |       |       |       |       |     1 |       |       |       ||     1
       Paralysed         |       |       |       |       |       |       |     4 |       ||     4
Armor: Robe              |     5 |     2 |    20 |     5 |       |       |       |       ||    32
       Steam dragon scal |       |       |       |    32 |    34 |       |       |       ||    66
       Swamp dragon scal |       |       |       |       |     2 |    37 |    32 |    15 ||    86
Dodge: Dodged            |    11 |    12 |    72 |   132 |   173 |   127 |   118 |    39 ||   684
       Repelled          |       |       |       |       |     4 |     9 |     2 |     7 ||    22
Block: Kite shield       |       |       |       |       |       |   112 |   179 |    70 ||   361
